 Dungeon Crawl Stone Soup version 0.23-a0-143-g1adec7b (webtiles) character file.

35 Amnesiac the Vexing (level 3, -5/27 HPs)
             Began as a Mummy Arcane Marksman on Sept 2, 2018.
             Slain by Robin
             ... wielding a +0 spear of piercing
              (6 damage)
             ... on level 2 of the Dungeon.
             The game lasted 00:01:42 (1069 turns).

Amnesiac the Vexing (Mummy Arcane Marksman)         Turns: 1069, Time: 00:01:43

Health: -5/27      AC:  2    Str: 14    XL:     3   Next: 16%
Magic:  14/14      EV: 12    Int: 12    God:
Gold:   45         SH:  0    Dex: 12    Spells: 4/5 levels left

rFire    x . .     SeeInvis .   a - +0 hand crossbow
rCold    + . .     Gourm    .   (no shield)
rNeg     + + +     Faith    .   e - +0 robe
rPois    ∞         Spirit   .   (no helmet)
rElec    .         Reflect  .   (no cloak)
rCorr    .         Harm     .   (no gloves)
MR       .....                  (no boots)
Stlth    +.........             (no amulet)
HPRegen  0.09/turn              g - ring of magical power
MPRegen  0.14/turn              (no ring)

@: no status effects
A: no food or potions, fire vulnerability, cold resistance 1, negative energy
resistance 3, torment resistance, unbreathing
a: no special abilities


You were on level 2 of the Dungeon.
You were not hungry.

You visited 1 branch of the dungeon, and saw 2 of its levels.

You collected 45 gold pieces.

Inventory:

Hand Weapons
 a - a +0 hand crossbow (weapon)
 b - a +0 short sword
Missiles
 d - 30 bolts (quivered)
 j - 34 stones
Armour
 e - a +0 robe (worn)
 h - a +0 helmet
Jewellery
 g - a ring of magical power (left hand)
Scrolls
 c - a scroll of teleportation {!r, unknown}
 f - a scroll of identify {!r, unknown}
 i - a scroll of remove curse {!r, unknown}


   Skills:
 + Level 1.7 Fighting
 * Level 2.4 Crossbows
 - Level 1.5 Dodging
 - Level 1.5 Spellcasting
 - Level 3.0 Hexes


You had 4 spell levels left.
You knew the following spells:

 Your Spells              Type           Power        Failure   Level  Hunger
a - Corona                Hex            #......      9%          1    N/A

Your spell library contained the following spells:

 Spells                   Type           Power        Failure   Level  Hunger
 Slow                     Hex            #.......     13%         2    N/A
 Inner Flame              Hex/Fire       #.......     43%         3    N/A
 Portal Projectile        Hex/Tloc       #.....       43%         3    N/A
 Cause Fear               Hex            #.........   63%         4    N/A
 Leda's Liquefaction      Hex/Erth       #.........   83%         4    N/A

Dungeon Overview and Level Annotations

Branches:
Dungeon (2/15)

Altars:
Elyvilon

Annotations:
D:2 Robin


Innate Abilities, Weirdness & Mutations

You do not eat or drink.
Your flesh is vulnerable to fire.
You are immune to poison.
Your flesh is cold resistant. (rC+)
You are immune to negative energy. (rN+++)
You are immune to unholy pain and torment.
You can survive without breathing.


Message History

Unknown command.
Firing (i - inventory. (/) - cycle)
d - 39 bolts (quivered)
Press: ? - help, Shift-Dir - straight line, f/p - goblin
Aim: a goblin, wielding a dagger You shoot a bolt.
The bolt hits the goblin.
The goblin is moderately wounded.
Unknown command.
Firing (i - inventory. (/) - cycle)
d - 38 bolts (quivered)
Press: ? - help, Shift-Dir - straight line, f/p - goblin
Aim: a goblin, wielding a dagger (moderately wounded)
You shoot a bolt. The bolt hits the goblin.
You kill the goblin!
Firing (i - inventory. (/) - cycle)
d - 37 bolts (quivered)
Press: ? - help, Shift-Dir - straight line, f - Robin
Aim: Robin, wielding a spear of piercing, wearing a dyed animal skin and You shoot a bolt.
The bolt hits Robin.
Robin is moderately wounded.
Unknown command.
Firing (i - inventory. (/) - cycle)
d - 36 bolts (quivered)
Press: ? - help, Shift-Dir - straight line, f/p - Robin
Aim: Robin, wielding a spear of piercing, wearing a dyed animal skin and You shoot a bolt.
The bolt closely misses Robin.
Robin says, "Feeling lonely?"
Robin roars a battlecry!
An ooze comes into view.
A goblin comes into view. It is wielding a club.
Robin misses you.
The ooze moves out of view.
Firing (i - inventory. (/) - cycle)
d - 35 bolts (quivered)
Press: ? - help, Shift-Dir - straight line, f/p - Robin
Aim: Robin, wielding a spear of piercing, wearing a dyed animal skin and You shoot a bolt.
The bolt hits Robin but does no damage.
Robin is moderately wounded.
Robin hits you from afar with a spear of piercing.
Firing (i - inventory. (/) - cycle)
d - 34 bolts (quivered)
Press: ? - help, Shift-Dir - straight line, f/p - Robin
Aim: Robin, wielding a spear of piercing, wearing a dyed animal skin and You shoot a bolt.
The bolt hits Robin.
Robin is moderately wounded.
Robin misses you.
Robin hits you from afar with a spear of piercing.
Firing (i - inventory. (/) - cycle)
d - 33 bolts (quivered)
Press: ? - help, Shift-Dir - straight line, f/p - Robin
Aim: Robin, wielding a spear of piercing, wearing a dyed animal skin and You shoot a bolt.
The bolt hits Robin.
Robin is severely wounded.
Robin throws the goblin at you! The goblin hits you with a club.
* * * LOW HITPOINT WARNING * * *
Firing (i - inventory. (/) - cycle)
d - 32 bolts (quivered)
Press: ? - help, Shift-Dir - straight line, f/p - Robin
Aim: Robin, wielding a spear of piercing, wearing a dyed animal skin and You shoot a bolt.
The bolt barely misses Robin.
Robin hits you from afar with a spear of piercing.
* * * LOW HITPOINT WARNING * * *
x2 The goblin hits you with a club.
* * * LOW HITPOINT WARNING * * *
Firing (i - inventory. (/) - cycle)
d - 31 bolts (quivered)
Press: ? - help, Shift-Dir - straight line, f/p - Robin
Aim: Robin, wielding a spear of piercing, wearing a dyed animal skin and You shoot a bolt.
The bolt hits Robin.
Robin is severely wounded.
Robin misses you. The goblin hits you with a club.
* * * LOW HITPOINT WARNING * * *
Robin hits you from afar with a spear of piercing.
You die...

. #.## #..........#
..####.##
#######..###
.........# #.##
.........# #.#
.........# #.#
.........# .#
.........##########.
.............g......
.........##.@..###
........##.(..#
...########g.## .##
#####.(##
#......#######
###............#
..........#####.#
.......##(##
.......#...#


You could see Robin and a goblin.

Vanquished Creatures
  An adder (D:2)
  A dart slug (D:1)
  A ball python (D:1)
  A giant cockroach (D:1)
  2 hobgoblins (D:1)
  A quokka (D:2)
  A bat (D:1)
  8 goblins
  4 kobolds (D:1)
  A rat (D:1)
21 creatures vanquished.

Notes
Turn   | Place    | Note
-------+----------+-------------------------------------------
     0 | D:1      | Amnesiac the Mummy Arcane Marksman began the quest for the
                  | Orb.
     0 | D:1      | Reached XP level 1. HP: 15/15 MP: 2/2
   334 | D:1      | Reached XP level 2. HP: 21/21 MP: 4/4
   970 | D:2      | Found a white marble altar of Elyvilon.
   977 | D:2      | Reached skill level 3 in Hexes
   995 | D:2      | Reached XP level 3. HP: 26/26 MP: 5/5
   997 | D:2      | Noticed Robin
  1069 | D:2      | HP: 1/27 [goblin/club[Robin] (5)]
  1069 | D:2      | Slain by Robin

Vault maps used:
D:1:      minmay_arrival_diagonal_passages
D:2:      elyvilon_altar_1, kiku_gazebo_garden_becter, minmay_misc_feat_chi,
          dk_noncrumbling_4, uniq_robin

Skill      XL: |  1  2 |
---------------+-------+-----
Crossbows      | 2 |  2.4
Hexes          | 3 |  3.0
Fighting       | |  1.7
Dodging        | |  1.5
Spellcasting   | |  1.5

Action                   || total
-------------------------++-------
Melee: Short sword       ||    38
       Unarmed           ||     6
 Fire: Hand crossbow     ||    33
Armor: Robe              ||     8
Dodge: Dodged            ||    38

Table legend:
 A = Non-vault XP
 B = Vault XP
 C = Vault XP percentage of total XP
 D = Non-vault monster count
 E = Vault monster count
 F = Vault count percentage of total count
                 A         B        C        D         E       F
            +---------+---------+-------+---------+---------+-------
      Total |      39 |      11 |  22.0 |      15 |       6 |  28.6
            +---------+---------+-------+---------+---------+-------
        D:1 |      24 |       0 |   0.0 |      13 |       0 |   0.0
        D:2 |      15 |      11 |  42.3 |       2 |       6 |  75.0
            +---------+---------+-------+---------+---------+-------
